 Dungeon Crawl Stone Soup version 0.30-a0-12-gd8047c6341 (webtiles) character file.

Game seed: 3190140734521668462

2611 siradein the Trooper (level 9, -4/74 HPs)
             Began as a Demonspawn Fighter on Aug 24, 2022.
             Was a Follower of Kikubaaqudgha.
             Slain by a vampire mosquito (10 damage)
             ... on level 8 of the Dungeon.
             The game lasted 00:13:32 (8429 turns).

siradein the Trooper (Demonspawn Fighter)           Turns: 8429, Time: 00:13:33

Health: -4/74      AC: 14    Str: 18    XL:     9   Next: 34%
Magic:  11/11      EV:  9    Int: 12    God:    Kikubaaqudgha [*.....]
Gold:   713        SH:  0    Dex: 13    Spells: 3/11 levels left

rFire   . . .      SeeInvis .    r - +8 rapier "Setypoug" {pain, Contam rElec Stlth+}
rCold   . . .      Faith    .    c - +0 buckler
rNeg    . . .      Spirit   .    C - +4 scale mail
rPois   .          Reflect  .    p - +0 helmet
rElec   +          Harm     .    h - +0 cloak
rCorr   .          Rampage  .    (gloves unavailable)
Will    .....                    F - +0 pair of boots
Stlth   ..........               (no amulet)
HPRegen 0.22/turn                y - ring of wizardry
MPRegen 0.12/turn                (no ring)

@: confused, ambrosia-drunk
A: claws 3, spiny 1, demonic magic 1, weakness stinger 1
a: Renounce Religion, Unearth Wretches


You were on level 8 of the Dungeon.
You worshipped Kikubaaqudgha.
Kikubaaqudgha was aware of your devotion.
You visited 2 branches of the dungeon, and saw 9 of its levels.
You also visited: Sewer.

You collected 713 gold pieces.

Inventory:

Hand Weapons
 r - the +8 rapier "Setypoug" (weapon) {pain, Contam rElec Stlth+}
   (You found it in a sewer)

   In the hands of one skilled in necromantic magic, it inflicts extra damage on
   living creatures.
   rElec:     It insulates you from electricity.
   Contam:    It causes magical contamination when unequipped.
   Stlth:     It makes you more stealthy.
Missiles
 q - 2 javelins (quivered)
Armour
 c - a +0 buckler (worn)
 h - a +0 cloak (worn)
 p - a +0 helmet (worn)
 C - a +4 scale mail (worn)
 F - a +0 pair of boots (worn)
Jewellery
 y - a ring of wizardry (left claw)
Wands
 a - a wand of digging (8)
 A - a wand of mindburst (19)
Scrolls
 b - 3 scrolls of fear {unknown}
 f - 2 scrolls of teleportation
 g - 5 scrolls of poison {unknown}
 k - 4 scrolls of blinking {unknown}
 o - a scroll of magic mapping {unknown}
 t - 3 scrolls of enchant weapon {unknown}
 u - 2 scrolls of enchant armour {unknown}
 v - 4 scrolls of immolation {unknown}
 x - a scroll of identify
 z - a scroll of noise {unknown}
 E - a scroll of torment {unknown}
 G - a scroll of brand weapon {unknown}
Potions
 d - 3 potions of might
 e - a potion of mutation {unknown}
 i - a potion of degeneration {unknown}
 j - 2 potions of magic
 l - a potion of heal wounds {unknown}
 m - a potion of invisibility {unknown}
 n - 4 potions of haste
 s - 3 potions of curing
 w - 2 potions of ambrosia
 B - 3 potions of flight
 D - a potion of berserk rage {unknown}


   Skills:
 + Level 7.8 Fighting
 + Level 5.8 Short Blades
 - Level 2.0 Polearms
 - Level 2.6 Armour
 - Level 4.0 Shields
 - Level 2.3 Unarmed Combat
 + Level 1.5 Spellcasting
 + Level 7.0 Necromancy


You had 3 spell levels left.
You knew the following spells:

 Your Spells              Type           Power      Damage    Failure   Level
a - Dispel Undead         Necr           17%        3d10      26%         4
b - Animate Dead          Necr           17%        N/A       26%         4

Your spell library contained the following spells:

 Spells                   Type           Power      Damage    Failure   Level
 Necrotise                Necr           68%        1d7       2%          1
 Sublimation of Blood     Necr           17%        N/A       4%          2
 Magic Dart               Conj           0%         1d3       41%         1
 Searing Ray              Conj           0%         2d4       54%         2
 Static Discharge         Conj/Air       0%         3-3/arc   54%         2
 Conjure Flame            Conj/Fire      0%         6-21      77%         3
 Ignite Poison            Fire/Tmut/Pois 0%         N/A       77%         3
 Anguish                  Hex/Necr       4%         N/A       69%         4
 Fulminant Prism          Conj/Hex       0%         3d6       98%         4
 Sticky Flame             Conj/Fire      0%         2d3       98%         4


Dungeon Overview and Level Annotations

Branches:
Dungeon (8/15)             Temple (1/1) D:6           Sewer (visited)
   Lair: D:8-11

Altars:
Ashenzari
Cheibriados
Dithmenos
Hepliaklqana
Kikubaaqudgha
Makhleb
Qazlal
Sif Muna
Trog
Uskayaw
Vehumet
Wu Jian
Xom
Yredelemnul

Shops:
D:5 *


Innate Abilities, Weirdness & Mutations

You have claws for hands.
You are partially covered in sharp spines.
Spells you cast may paralyse adjacent enemies.
You have a small tail.


Message History

* * * LOW HITPOINT WARNING * * *
The vampire mosquito draws strength from your injuries!
The vampire mosquito attacks as you move away!
The vampire mosquito bites you but does no damage. x2
Okay, then.
The vampire mosquito attacks as you move away!
You block the vampire mosquito's attack.
A gnoll bouda comes into view.
It is wielding a +0 whip and wearing the +1 leather armour "Veneseo" {Int+3 SInv}.
The gnoll bouda shouts!
The gnoll bouda moves out of view.
A gnoll comes into view. It is wielding a +0 flail.
The gnoll shouts!
The vampire mosquito is struck by your spines.
The vampire mosquito bites you but does no damage.
A steam dragon comes into view.
The gnoll bouda barks out a call to the hunt!
The gnoll picks up the pace!
The vampire mosquito bites you.
* * * LOW HITPOINT WARNING * * *
The vampire mosquito draws strength from your injuries!
You are confused.
You feel invigorated.
The vampire mosquito is struck by your spines.
The vampire mosquito bites you.
* * * LOW HITPOINT WARNING * * *
The vampire mosquito draws strength from your injuries!
The vampire mosquito closely misses you.
The vampire mosquito bites you!
* * * LOW HITPOINT WARNING * * *
The vampire mosquito draws strength from your injuries!
The vampire mosquito bites you.
* * * LOW HITPOINT WARNING * * *
The vampire mosquito draws strength from your injuries!
You bump into the rock wall.
The vampire mosquito is struck by your spines.
The vampire mosquito barely misses you.
The vampire mosquito is struck by your spines.
The vampire mosquito bites you!
You die...
Kikubaaqudgha rasps: "You have failed me!
Welcome... death!"

#.... #.... ####....
#...... ### #.....#
#.. #.....# #..
#.....##############..
#.....................
#....@......[.........
#....y################
########...Y.......
#......#.....g.....
#......'....###....
#......#Y...# g..
###.>......# gD
#...##...# .
#...##...#


You could see a yak, a vampire mosquito, a sky beast and a gnoll bouda.

Vanquished Creatures
  A troll (D:8)
  Grinder (D:3)
  Edmund (D:5)
  A water moccasin (Sewer)
  3 black bears
  2 ice beasts
  2 centaurs
  2 ogres (D:6)
  2 kobold brigands
  A phantom (D:5)
  2 scorpions
  2 necrophages
  3 wights (D:8)
  4 howler monkeys
  A jelly (D:6)
  An orc priest (D:6)
  5 iguanas
  Jessica (D:3)
  A gnoll (D:8)
  8 adders
  A shadow imp (D:6)
  A white imp (D:6)
  An ufetubus (D:6)
  3 worms
  A dart slug (D:1)
  12 orcs
  A ball python (D:1)
  4 endoplasms
  5 giant cockroaches
  9 goblins
  6 hobgoblins
  3 jackals (D:2)
  4 quokkas
  9 bats
  2 frilled lizards
  8 kobolds
  4 rats
118 creatures vanquished.

Vanquished Creatures (others)
  2 plants
  4 toadstools (D:7)
6 creatures vanquished.

Grand Total: 124 creatures vanquished

Notes
Turn   | Place    | Note
-------+----------+-------------------------------------------
     0 | D:1      | siradein the Demonspawn Fighter began the quest for the
                  | Orb.
     0 | D:1      | Reached XP level 1. HP: 18/18 MP: 1/1
   138 | D:1      | Discovered your monstrous ancestry.
   138 | D:1      | Gained mutation: You have a small tail. [demonic ancestry]
   138 | D:1      | Reached XP level 2. HP: 22/24 MP: 2/2
  1164 | D:2      | Gained mutation: You have sharp fingernails. [demonic
                  | ancestry]
  1164 | D:2      | Reached XP level 3. HP: 23/29 MP: 3/3
  1270 | D:2      | Found a snail-covered altar of Cheibriados.
  1414 | D:2      | Reached skill level 1 in Unarmed Combat
  1908 | D:3      | Gained mutation: You have very sharp fingernails. [demonic
                  | ancestry]
  1908 | D:3      | Reached XP level 4. HP: 19/37 MP: 4/4
  2061 | D:3      | Found a glowing drain.
  2094 | Sewer    | Entered a sewer
  2128 | Sewer    | Noticed a water moccasin
  2150 | Sewer    | Killed a water moccasin
  2151 | Sewer    | Gained mutation: Spells you cast may paralyse adjacent
                  | enemies. [demonic ancestry]
  2151 | Sewer    | Reached XP level 5. HP: 13/42 MP: 5/5
  2157 | Sewer    | HP: 2/42 [poisoned by a water moccasin]
  2474 | Sewer    | Identified the +8 rapier "Setypoug" {pain, Contam rElec
                  | Stlth+}
  2669 | D:3      | Noticed Jessica
  2677 | D:3      | Killed Jessica
  3092 | D:3      | Noticed Grinder
  3102 | D:3      | Paralysed by Grinder for 3 turns
  3112 | D:3      | Killed Grinder
  3113 | D:3      | Reached skill level 1 in Short Blades
  3113 | D:3      | Reached XP level 6. HP: 35/50 MP: 6/6
  3213 | D:3      | Found a faded altar of an unknown god.
  3372 | D:4      | Reached skill level 5 in Fighting
  3513 | D:4      | Reached XP level 7. HP: 41/56 MP: 7/7
  4441 | D:5      | Entered Level 5 of the Dungeon
  4566 | D:5      | Found Nusmazaph's General Store.
  4978 | D:5      | Noticed Edmund
  4994 | D:5      | Killed Edmund
  5286 | D:5      | Gained mutation: You are partially covered in sharp spines.
                  | [demonic ancestry]
  5286 | D:5      | Reached XP level 8. HP: 64/64 MP: 8/8
  5615 | D:6      | Found a staircase to the Ecumenical Temple.
  5629 | Temple   | Entered the Ecumenical Temple
  5694 | Temple   | Became a worshipper of Kikubaaqudgha
  5949 | D:6      | Reached skill level 5 in Necromancy
  6419 | D:6      | Found an ornate altar of the Wu Jian Council.
  6792 | D:6      | Learned a level 4 spell: Dispel Undead
  7168 | D:7      | Reached skill level 5 in Short Blades
  7914 | D:8      | Gained mutation: You have claws for hands. [demonic
                  | ancestry]
  7914 | D:8      | Reached XP level 9. HP: 68/72 MP: 9/9
  8007 | D:8      | Reached * piety under Kikubaaqudgha
  8007 | D:8      | Received a gift from Kikubaaqudgha
  8013 | D:8      | Learned a level 4 spell: Animate Dead
  8300 | D:8      | Reached skill level 1 in Spellcasting
  8392 | D:8      | Noticed a troll
  8398 | D:8      | Killed a troll
  8401 | D:8      | Noticed a manticore
  8424 | D:8      | Identified the +1 leather armour "Veneseo" {Int+3 SInv}
  8428 | D:8      | HP: 1/74 [vampire mosquito (5)]
  8429 | D:8      | Slain by a vampire mosquito

Illustrated notes

Levels and vault maps discovered:
D:1:      psy_arrival_terrarium, layout_basic
D:2:      layout_basic, basic_altar
D:3:      kennysheep_the_goblin_king, layout_basic,
          shapermc_ecumenical_altar_mp_urbaneastern,
          cheibrodos_sewer_entry_bend, uniq_grinder, uniq_jessica
D:4:      layout_cave_pods, kennysheep_mini
D:5:      layout_basic, serial_shops, shop, minmay_fountain_box, uniq_edmund
D:6:      layout_basic, nicolae_wu_jian_wuxing_cycle,
          minmay_temple_entry_junction_2, serial_bayou_pond_a
D:7:      layout_loops_cross, minmay_gold_behind_fungi
D:8:      minmay_bloctagon_deflated, layout_basic, fedhas_altar_1,
          marbit_many_paths, mainiacjoe_overflow_divided_tiny
Temple:   compressed_dpeg_triangle_lava_temple

Skill      XL: |  1  2  3  4  5  6  7  8  9 |
---------------+----------------------------+-----
Polearms       | 2 |  2.0
Shields        | 3 4 |  4.0
Unarmed Combat | 1 2 |  2.3
Fighting       | 4 5 6 7 |  7.8
Short Blades   | 1 2 3 5 |  5.8
Necromancy     | 2 4 6 7 |  7.0
Spellcasting   | 1 |  1.5
Armour         | |  2.6

Action                   |  1- 3 |  4- 6 |  7- 9 || total
-------------------------+-------+-------+-------++-------
Melee: Trident           |    15 |       |       ||    15
       Unarmed           |   145 |    31 |       ||   176
       Tailslap          |    16 |     8 |    26 ||    50
       Rapier            |       |    46 |   175 ||   221
  Use: Scroll            |       |     3 |     2 ||     5
       Potion            |       |       |     1 ||     1
Armor: Scale mail        |    82 |    57 |    85 ||   224
Dodge: Dodged            |    59 |    39 |    61 ||   159
Block: Buckler           |    39 |    25 |    35 ||    99

Table legend: (Time is in decaauts)
 A = Elapsed time spent in this place.
 B = Non-inter-level travel time spent in this place.
 C = Inter-level travel time spent in this place.
 D = Time resting spent in this place.
 E = Time spent auto-exploring this place.
 F = Levels seen in this place.
 G = Mean time per level.
                   A        B        C        D        E       F      G
               +--------+--------+--------+--------+--------+-----+--------+
         Total |   8459 |   7980 |    479 |    300 |   6431 |  10 |  845.9 |
       Dungeon |   7970 |   7503 |    467 |      8 |   6343 |   8 |  996.2 |
        Temple |     78 |     66 |     12 |      0 |     40 |   1 |   78.0 |
         Sewer |    410 |    410 |      0 |    292 |     48 |   1 |  410.0 |
               +--------+--------+--------+--------+--------+-----+--------+

Top non-repeatable levels by time:
     D:6: 1170 daAuts
     D:5: 1168 daAuts
     D:3: 1121 daAuts
     D:1: 1096 daAuts
     D:4: 1042 daAuts
     D:7: 885 daAuts
     D:2: 794 daAuts
     D:8: 691 daAuts
   Sewer: 410 daAuts
  Temple: 78 daAuts
